 Dungeon Crawl Stone Soup version 0.31.0-4-g52a2dc7128 (webtiles) character file.

Game seed: 17353888585039437514

2048557 popper the Conqueror (level 24, 155/238 (249) HPs)
             Began as a Minotaur Berserker on Jan 22, 2024.
             Was an Elder of Trog.
             Escaped with the Orb
             ... and 3 runes on Jan 23, 2024!
             The game lasted 03:31:15 (44845 turns).

popper the Conqueror (Minotaur Berserker)          Turns: 44845, Time: 03:31:16

HP:   155/238 (249) AC: 31    Str: 48    XL:     24   Next: 52%
MP:   31/31         EV: 15    Int:  6    God:    Trog [****..]
Gold: 4035          SH: 23    Dex:  9    Spells: 23/23 levels left

rFire   + + +        F - +9 broad axe (spect)
rCold   + + +        f - +2 shield of Resistance {rF++ rC++ Will++}
rNeg    . . .        H - +7 chain mail of Bad Feelings {rPois Regen+ MP+9}
rPois   +            Y - +1 hat "Zariq" {rElec}
rElec   +            b - scarf {rC+ rF+}
rCorr   +            T - +2 pair of gloves
SInv    .            K - +2 pair of boots
Will    +++..        m - amulet of the Prince {Reflect rCorr Str+5 Slay+3 SH+5}
Stlth   ++           e - ring of Shadows {Umbra +Inv Stlth+}
HPRegen 1.39/turn    R - +6 ring of strength
MPRegen 0.22/turn

%: reflection
@: mildly poisoned (155 -> 154), wreathed by umbra, studying 2 skills, lightly
drained
A: horns 2, retaliatory headbutt, clever 1, clumsy 1, strong 2, subdued magic 1
0: Orb of Zot
}: 3/15 runes: decaying, slimy, gossamer
a: Renounce Religion, Evoke Invisibility, Berserk, Trog's Hand, Brothers in Arms


You escaped.
You worshipped Trog.
Trog was greatly pleased with you.
You visited 10 branches of the dungeon, and saw 49 of its levels.
You also visited: Sewer, Gauntlet and Wizlab.

You collected 4825 gold pieces.
You spent 790 gold pieces at shops.

Inventory:

Hand Weapons
 F - a +9 spectral broad axe (weapon)
 M - the +11 war axe of Evolution {freeze, Str+2 Int+2}
   (You took it off a minotaur in a Gauntlet)

   Str+2:     It affects your strength (+2).
   Int+2:     It affects your intelligence (+2).
Missiles
 G - 2 throwing nets (quivered)
Armour
 b - a scarf of resistance (worn)
 f - the +2 shield of Resistance (worn) {rF++ rC++ Will++}
   (You found it on level 5 of the Pits of Slime)

   rF++:      It greatly protects you from fire.
   rC++:      It greatly protects you from cold.
   Will++:    It greatly increases your willpower.
 u - the +4 Cigotuvi's embrace {Corpsefed rMiasma ^Drain rN+}
   (You found it on level 5 of the Pits of Slime)

   Corpsefed: It gathers nearby corpses to temporarily increase the armour it
   provides.
   rMiasma:   It protects you from foul pestilence.
   rN+:       It protects you from negative energy.
   ^Drain:    It drains your maximum health when unequipped.
 H - the +7 chain mail of Bad Feelings (worn) {rPois Regen+ MP+9}
   (You bought it in a shop on level 2 of the Orcish Mines)

   rPois:     It protects you from poison MP+9: It affects your magic capacity
   (+9).
   Regen+:    It increases your rate of health regeneration.
 K - a +2 pair of boots (worn)
 T - a +2 pair of gloves (worn)
 U - the +2 plate armour "Geha" {Rampage rN+ Int-4}
   (You found it in a Gauntlet)

   Int-4:     It affects your intelligence (-4).
   rN+:       It protects you from negative energy.
   Rampage:   It bestows one free step when moving towards enemies.
 Y - the +1 hat "Zariq" (worn) {rElec}
   (You found it on level 4 of the Spider Nest)

   rElec:     It insulates you from electricity.
Jewellery
 c - a ring of flight
 e - the ring of Shadows (left hand) {Umbra +Inv Stlth+}
   (You found it on level 5 of the Pits of Slime)

   [ring of stealth]

   Umbra:     It surrounds you with an aura of shadow, increasing your stealth
   and reducing the accuracy of all others within it.
   +Inv:      It lets you turn invisible.
   Stlth+:    It makes you more stealthy.
 m - the amulet of the Prince (around neck) {Reflect rCorr Str+5 Slay+3 SH+5}
   (You acquired it on level 3 of the Dungeon)

   [amulet of reflection]

   Reflect:   It reflects blocked missile attacks.
   Str+5:     It affects your strength (+5).
   Slay+3:    It affects your accuracy & damage with ranged weapons and melee
   (+3).
   rCorr:     It protects you from acid and corrosion.
   SH+5:      It affects your SH (+5).
 D - a ring of see invisible
 R - a +6 ring of strength (right hand)
Wands
 h - a wand of quicksilver (19)
 n - a wand of iceblast (30)
 p - a wand of digging (7)
 r - a wand of flame (10)
 C - a wand of mindburst (9)
Scrolls
 a - 3 scrolls of immolation
 g - 11 scrolls of teleportation
 k - 10 scrolls of revelation
 l - 9 scrolls of fear
 q - 28 scrolls of identify
 s - 2 scrolls of vulnerability
 y - 3 scrolls of brand weapon
 I - 2 scrolls of fog
 J - 8 scrolls of silence
 L - a scroll of enchant weapon
 N - 2 scrolls of enchant armour
 O - a scroll of noise
 P - 7 scrolls of poison
Potions
 d - 6 potions of ambrosia
 i - a potion of mutation
 j - 16 potions of curing
 o - 7 potions of enlightenment
 t - 6 potions of cancellation
 w - 8 potions of heal wounds
 x - 4 potions of magic
 z - 3 potions of invisibility
 A - 4 potions of resistance
 B - 2 potions of might
 Z - 2 potions of attraction
Miscellaneous
 v - a phial of floods
 Q - a lightning rod (4/4)
 S - a phantom mirror
 V - a sack of spiders


   Skills:
 O Level 27 Fighting
 O Level 27 Axes
 + Level 20.8 Armour
 + Level 15.6 Dodging
 + Level 12.9 Stealth
 + Level 25.2 Shields
 + Level 0.6 Unarmed Combat
 + Level 5.1 Evocations


You had 23 spell levels left.
You didn't know any spells.
Your spell library was empty.

Dungeon Overview and Level Annotations

Branches:
Dungeon (15/15)            Temple (0/1) D:5            Lair (5/5) D:9
  Swamp (4/4) Lair:2       Spider (4/4) Lair:2        Slime (5/5) Lair:4
    Orc (2/2) D:9             Elf (1/3) Orc:2        Vaults (4/5) D:13
  Crypt (0/3) Vaults:3     Depths (4/4) D:15            Zot (5/5) Depths:4
  Sewer (visited)          WizLab (visited)         Gauntlet (visited)

Altars:
Dithmenos
Elyvilon
Hepliaklqana
Okawaru
Wu Jian
Yredelemnul
Lugonu

Shops:
D:5 ?   D:13 ?:   Orc:2 [:*(   Vaults:1 *   Vaults:3 (   Depths:1 *?

Portals:
Hell: Depths:1 Depths:2 Depths:3 Depths:4
Abyss: Lair:5 Depths:3 Depths:4
Pandemonium: Depths:1 Depths:2
Ziggurat: Depths:4

Annotations:
D:3 3 runed translucent doors, fly's ghost, amateur KoDe
D:7 3 runed translucent doors, confidenceinterval's ghost, novice MfWn


Innate Abilities, Weirdness & Mutations

You have a pair of horns on your head.
You reflexively headbutt those who attack you in melee.
Your mind is acute. (Int +4, Str/Dex -1)
You are clumsy. (Dex -2)
Your muscles are very strong. (Str +8, Int/Dex -2)
Your spells are a little easier to cast, but a little less powerful.


Message History

A large abomination comes into view.
The demonspawn black sun invokes the aid of Kikubaaqudgha against you.
The bolt of negative energy hits something.
The bolt of negative energy hits you!!
You feel drained. You block the reaper's attack.
A Poh Xuar and a red devil come into view.
Poh Xuar gestures.
Lightning arcs from Poh Xuar's claws!
The bolt of lightning hits the red devil!!
The bolt of lightning hits Poh Xuar.
Poh Xuar resists.
The bolt of lightning hits the reaper!!!
The bolt of lightning hits you!! You resist.
The large abomination attacks as it pursues you!
The large abomination hits you!! The reaper hits you but does no damage.
You are poisoned.
You feel very sick.
Poh Xuar gestures.
Poh Xuar blinks!
The demonspawn black sun utters an invocation to Kikubaaqudgha.
The demonspawn black sun begins absorbing vital energies!
The large abomination begins absorbing vital energies!
You block something's attack.
Deactivating autopickup; reactivate with Ctrl-A.
You feel sick.
Poh Xuar gestures.
Lightning arcs from Poh Xuar's claws!
The bolt of lightning hits the reaper!!
The reaper dies!
A bolt of lightning appears from out of thin air!
The bolt of lightning hits the large abomination!!!
The bolt of lightning hits the red devil!!!
The red devil dies!
The bolt of lightning hits something!!!
The bolt of lightning hits you. You resist. Poh Xuar gestures at you.
You block the spray of metal splinters... and reflect it back!
The spray of metal splinters hits Poh Xuar!!!
An Orb Guardian comes into view.
There is a staircase leading out of the dungeon here.
You feel sick.
You have escaped!

### ##.## ..# ##§##
###### ..#
##☼####.♣♣.♣#### ..#
##§§♣.♣.♣.♣♣.○# ..##
#○§♣♣.8.8♣.♣§♣# ...#
##♣♣§♣8...8.♣♣.# ##.#
#..♣§§..⌠..8♣♣.♣ #.#
#♣♣.8.....X.8.♣♣## #.#
♣♣.)⌠X@.⌠......# #.#
♣8.....(§8♣.♣.# #.#
♣.8..⌠..8○♣.♣.# #.#
#♣♣.♣8.&.8♣§♣♣..# #.#
#..♣♣.8.8♣○♣§♣.## #.#
##.°.♣♣..♣§§§#.# #.#
######♣.♣♣§####.#######
#)#
#..........§..........#
#.#
#.#########.#.#######.#


You could see Poh Xuar, an Orb Guardian and a large abomination (black mark).

Vanquished Creatures
  the Royal Jelly (Slime:5)
  2 dread liches (Zot:5)
  Tiamat (Zot:5)
  3 ancient liches (Zot:5)
  3 orbs of fire (Zot:5)
  Mara (Depths:1)
  2 juggernauts (Depths:4)
  4 Killer Klowns
  3 curse toes
  4 golden dragons
  2 pandemonium lords
  the Enchantress (Depths:3)
  Arachne (Spider:4)
  4 electric golems
  9 tentacled monstrosities
  A titan (Depths:2)
  26 Orb Guardians
  Rupert (D:13)
  Asterion (Spider:1)
  3 quicksilver dragons
  3 liches
  A walking frostbound tome (Depths:4)
  20 acid blobs
  A sphinx (Vaults:1)
  Agnes (Spider:4)
  6 death cobs
  2 Executioners (Zot:4)
  Kirke (D:13)
  12 storm dragons
  A tengu reaver (Depths:2)
  8 draconian monks
  A fire giant (Depths:1)
  8 protean progenitors
  A fenstrider witch (Swamp:1)
  A daeva (D:9)
  A shadow dragon (Zot:3)
  14 azure jellies
  9 rockslimes
  6 draconian shifters
  3 frost giants
  7 draconian knights
  9 vault wardens
  4 emperor scorpions
  A deep elf sorcerer (Depths:3)
  4 ghost moths
  An orc warlord (Orc:2)
  9 draconian annihilators
  A cacodemon (Depths:2)
  3 spriggan defenders (Depths:2)
  2 draconian stormcallers (Zot:1)
  A deep elf elementalist (Elf:1)
  6 draconian scorchers
  3 ghouls (Swamp:3)
  4 balrugs (Zot:4)
  3 broodmothers
  A formless jellyfish (Slime:2)
  11 quicksilver oozes
  6 ironbound thunderhulks
  15 stone giants
  4 very ugly things
  18 ironbound preservers
  11 green draconians
  A vampire knight (Depths:4)
  A lorocyproca (Depths:1)
  7 eleionomae
  6 black draconians
  4 red draconians
  7 bunyips
  2 war gargoyles
  A deep elf annihilator (Elf:1)
  16 dire elephants
  12 purple draconians
  A minotaur (Gauntlet)
  11 white draconians
  Azrael (Spider:1)
  6 yellow draconians
  5 blizzard demons
  3 merfolk javelineers
  3 jiangshi
  8 fire dragons
  4 spark wasps
  A fire dragon (shapeshifter) (Depths:2)
  A merfolk impaler (Depths:1)
  6 ettins
  A shambling mangrove (Swamp:2)
  8 yaktaur captains
  3 entropy weavers
  2 ghost crabs (Swamp:3)
  7 great orbs of eyes
  5 ironbound frosthearts
  2 rakshasas
  3 peacekeepers
  6 ice dragons
  6 vault guards
  14 hydras
  5 spriggan air magi
  5 jorogumos
  4 satyrs
  A catoblepas (D:13)
  6 centaur warriors
  2 dancing weapons (Elf:1)
  5 two-headed ogres
  10 alligators
  7 tengu warriors
  5 radroaches
  2 deep troll shamans (Depths:3)
  5 demonic crawlers
  Erica (D:8)
  2 deep troll earth magi (Depths:2)
  4 death yaks (Lair:1)
  5 boulder beetles
  2 thrashing horrors (Lair:5)
  Urug (D:13)
  4 hell hogs (D:4)
  3 vampire magi
  A hell knight (D:15)
  2 occultists (Depths:3)
  3 deep elf knights (Orc:2)
  7 orc high priests
  7 spriggan berserkers
  Sonja (Orc:1)
  3 soul eaters
  A wretched star (Gauntlet)
  A sixfirhy (Depths:2)
  A fire crab (shapeshifter) (D:14)
  8 pharaoh ants
  4 arcanists
  2 spriggan druids
  A mana viper (shapeshifter) (Depths:4)
  41 deep trolls
  5 deep elf archers
  7 orb spiders
  7 goliath frogs
  5 swamp dragons
  8 bog bodies
  4 harpies (Vaults:2)
  11 deep elf zephyrmancers
  5 necromancers
  Pikel (D:8)
  4 phantasmal warriors
  5 lindwurms
  11 steelbarb worms
  26 wolf spiders
  12 ironbound convokers
  13 deep elf pyromancers
  4 orc sorcerers
  2 orc knights (Orc:1)
  7 shining eyes
  An oklob plant (Spider:1)
  3 fauns (Depths:2)
  7 spectral spriggans (Swamp:3)
  21 ugly things
  6 cyclopes
  3 manticores (D:14)
  A stone giant skeleton (Vaults:1)
  4 will-o-the-wisps
  10 elephants
  3 meliai (Spider:2)
  16 moths of wrath
  2 kobold blastminers
  3 black mambas
  A rust devil (Depths:2)
  15 vault sentinels
  An eye of devastation (Slime:1)
  Joseph (D:8)
  2 torpor snails
  A gargoyle (D:13)
  15 cane toads
  Maggie (D:8)
  A minotaur zombie (Gauntlet)
  2 unseen horrors
  2 large abominations (Lair:5)
  6 komodo dragons
  2 rime drakes
  32 yaktaurs
  11 tengu conjurers
  A human zombie (Vaults:1)
  4 freezing wraiths
  A human skeleton (Vaults:1)
  8 tyrant leeches
  An ice devil (Gauntlet)
  An elf skeleton (Vaults:1)
  2 bloated husks (Swamp:3)
  A hornet (shapeshifter) (Lair:5)
  A hellwing (D:8)
  9 trolls
  30 tarantellas
  7 polar bears
  20 hornets
  A dream sheep (Lair:4)
  A raiju (Lair:5)
  15 blink frogs
  108 slime creatures
  7 glass eyes
  20 culicivoras
  A jumping spider (shapeshifter) (Lair:5)
  11 water elementals
  50 jumping spiders
  3 centaur simulacra (D:12)
  17 spriggans
  3 wraiths
  Sigmund (D:3)
  A shadow (D:10)
  A ynoxinul (Lair:5)
  2 fire elementals
  2 hogs (D:13)
  23 yaks
  6 basilisks
  A yak (shapeshifter) (D:9)
  8 wyverns
  18 humans (D:13)
  6 fire bats (Swamp:4)
  An elf zombie (Vaults:1)
  A golden eye (Slime:5)
  6 wargs
  4 vampire mosquitoes (Swamp:2)
  2 neqoxecs (Gauntlet)
  2 steam dragons
  A redback (shapeshifter) (D:9)
  28 redbacks
  A swamp worm (shapeshifter) (Depths:4)
  11 swamp worms
  10 acid dragons
  4 hell hounds
  10 water moccasins
  16 orc warriors
  Pargi (D:3)
  6 ice beasts (D:9)
  6 swamp drakes
  2 sky beasts
  2 sky beasts (shapeshifter) (D:9)
  4 black bears
  2 laughing skulls (D:15)
  5 ogres
  13 small abominations
  5 boggarts (Vaults:1)
  17 wolves
  10 centaurs
  A phantom (D:6)
  3 kobold brigands
  11 bullfrogs
  A wyvern zombie (D:7)
  A gnoll sergeant (D:10)
  12 wights
  9 killer bees (D:8)
  10 howler monkeys
  3 electric eels
  3 quasits (D:5)
  9 hounds
  Crazy Yiuf (D:6)
  11 orc priests
  A bombardier beetle (D:7)
  3 jellies
  2 sleepcaps
  4 iguanas
  24 orc wizards
  A howler monkey zombie (D:7)
  4 gnolls (D:10)
  4 adders
  8 white imps
  5 ufetubi
  3 dart slugs (D:1)
  43 orcs
  12 endoplasms
  5 giant cockroaches
  9 goblins
  8 hobgoblins
  10 jackals
  28 kobolds
  2 quokkas
  3 ball pythons
  2 bats
  5 frilled lizards
  5 rats
  6 aspiring fleshes
  3 spectral weapons
1770 creatures vanquished.

Vanquished Creatures (collateral kills)
  An Orb Guardian (Zot:5)
  3 acid blobs
  2 draconian shifters (Zot:5)
  Louise (Swamp:2)
  A draconian annihilator (Zot:1)
  3 formless jellyfish
  2 ironbound preservers
  2 quicksilver oozes (Slime:5)
  A red draconian (Zot:1)
  A white draconian (Zot:5)
  A spark wasp (Spider:4)
  A fire dragon (Swamp:4)
  A yaktaur captain (Vaults:3)
  2 great orbs of eyes (Slime:5)
  3 hydras (Swamp:4)
  An alligator (Swamp:2)
  2 jorogumos (Spider:2)
  A radroach (Spider:4)
  A boulder beetle (Spider:2)
  A dancing weapon (Elf:1)
  A spriggan berserker (Depths:2)
  2 pharaoh ants (Spider:4)
  An orb spider (Spider:1)
  2 deep elf archers (D:9)
  5 deep trolls (Vaults:3)
  A swamp dragon (Swamp:4)
  An arcanist (Vaults:3)
  A lindwurm (Swamp:4)
  A deep elf pyromancer (D:9)
  A will-o-the-wisp (Swamp:4)
  A moth of wrath (Spider:4)
  A shining eye (Slime:5)
  2 ugly things
  2 vault sentinels
  A tengu conjurer (Depths:2)
  A hornet (Depths:2)
  A troll (shapeshifter) (Lair:5)
  2 tarantellas (Spider:4)
  A dream sheep (shapeshifter) (Lair:5)
  3 blink frogs (Lair:5)
  3 spriggans (Depths:2)
  5 jumping spiders
  2 fire bats (D:9)
  A basilisk (Lair:5)
  A steam dragon (shapeshifter) (Depths:2)
  5 redbacks
  A chaos spawn (Lair:5)
  A hell hound (Spider:1)
  4 swamp drakes (Swamp:4)
  An ice beast (D:9)
  A sky beast (D:9)
  An ogre (Orc:1)
  2 small abominations (Lair:5)
  An orc (Orc:1)
91 creatures vanquished.

Vanquished Creatures (others)
  A draconian annihilator (Zot:4)
  A reaper (D:1)
  A tengu warrior (Depths:2)
  A bog body (Swamp:3)
  A tengu conjurer (D:13)
  A red devil (D:1)
  2 bloated husks
  A swamp drake (Swamp:4)
  18 foxfires
  44 spectral weapons
71 creatures vanquished.

Grand Total: 1932 creatures vanquished

Notes
Turn   | Place    | Note
-------+----------+-------------------------------------------
     0 | D:1      | popper the Minotaur Berserker began the quest for the Orb.
     0 | D:1      | Reached XP level 1. HP: 19/19 MP: 0/0
   304 | D:1      | Reached XP level 2. HP: 27/27 MP: 1/1
   689 | D:1      | Reached XP level 3. HP: 33/33 MP: 2/2
   707 | D:1      | Reached ** piety under Trog
  1767 | D:3      | Found a runed translucent gate.
  1769 | D:3      | Found a runed translucent gate.
  1769 | D:3      | Found a runed translucent gate.
  1770 | D:3      | Noticed fly's ghost (amateur KoDe)
  1805 | D:3      | Noticed Pargi
  1811 | D:3      | Killed Pargi
  1812 | D:3      | Reached skill level 5 in Axes
  1812 | D:3      | Reached XP level 4. HP: 41/41 MP: 3/3
  1812 | D:3      | Reached XP level 5. HP: 47/47 MP: 4/4
  1965 | D:3      | Identified a scroll of acquirement
  1965 | D:3      | Acquired the amulet of the Prince {Reflect rCorr Str+5
                  | Slay+3 SH+5}
  2040 | D:3      | Noticed Sigmund
  2050 | D:3      | Killed Sigmund
  2051 | D:3      | Reached skill level 5 in Fighting
  2051 | D:3      | Reached XP level 6. HP: 50/56 MP: 5/5
  2168 | D:3      | Acquired the +6 chain mail of the Six Flying Wars {rCorr
                  | Str+3}
  2365 | D:4      | Reached *** piety under Trog
  2383 | D:4      | You are sucked into a shaft and drop 2 floors!
  2427 | D:6      | Found a glowing drain.
  2430 | Sewer    | Entered a sewer
  2666 | Sewer    | Reached skill level 1 in Stealth
  2701 | D:6      | Reached XP level 7. HP: 52/61 MP: 6/6
  2841 | D:6      | Reached skill level 5 in Armour
  2984 | D:6      | Reached skill level 1 in Shields
  3098 | D:6      | Found a runed translucent door.
  3099 | D:6      | Noticed Crazy Yiuf
  3106 | D:6      | Killed Crazy Yiuf
  3107 | D:6      | Reached XP level 8. HP: 70/70 MP: 7/7
  3294 | D:5      | Entered Level 5 of the Dungeon
  3349 | D:5      | Reached **** piety under Trog
  3422 | D:5      | Found an ornate altar of the Wu Jian Council.
  3476 | D:5      | Reached skill level 10 in Axes
  3481 | D:5      | Reached XP level 9. HP: 67/79 MP: 8/8
  4061 | D:5      | Found a staircase to the Ecumenical Temple.
  4137 | D:5      | Found Ufruar's Magic Scroll Boutique.
  4852 | D:7      | Found a runed translucent gate.
  4852 | D:7      | Found a runed translucent gate.
  4852 | D:7      | Found a runed translucent gate.
  4852 | D:7      | Noticed confidenceinterval's ghost (novice MfWn)
  4854 | D:7      | Found a basalt altar of Yredelemnul.
  4938 | D:7      | Found a hazy altar of Hepliaklqana.
  4941 | D:7      | Found a shadowy altar of Dithmenos.
  5229 | D:8      | Noticed Maggie
  5257 | D:8      | Noticed Pikel
  5268 | D:8      | Killed Pikel
  5269 | D:8      | Reached XP level 10. HP: 90/90 MP: 9/9
  5274 | D:8      | Killed Maggie
  5330 | D:8      | Noticed Erica
  5341 | D:8      | Killed Erica
  5641 | D:8      | Noticed Joseph
  5656 | D:8      | Killed Joseph
  5707 | D:8      | Noticed a two-headed ogre
  5717 | D:8      | Killed a two-headed ogre
  5718 | D:8      | Reached skill level 10 in Armour
  5872 | D:8      | Reached ***** piety under Trog
  6066 | D:9      | Found a staircase to the Lair.
  6097 | D:9      | Reached skill level 5 in Shields
  6354 | D:9      | Reached XP level 11. HP: 90/97 MP: 10/10
  6466 | D:9      | Found a staircase to the Orcish Mines.
  6591 | D:9      | Noticed a deep elf pyromancer
  6598 | D:9      | Killed a deep elf pyromancer
  6599 | D:9      | Reached skill level 10 in Fighting
  6627 | D:9      | Noticed a deep elf archer
  6627 | D:9      | Noticed a deep elf archer
  6637 | D:9      | Killed a deep elf archer
  6645 | D:9      | Killed a deep elf archer
  6907 | D:9      | Noticed a deep elf pyromancer
  6915 | D:9      | Killed a deep elf pyromancer
  7104 | D:9      | Identified the +0 leather armour "Seetioq" {rC+ rN+}
  7196 | D:9      | Noticed a deep elf archer
  7196 | D:9      | Noticed a deep elf pyromancer
  7201 | D:9      | Killed a deep elf archer
  7202 | D:9      | Killed a deep elf pyromancer
  7589 | Orc:1    | Entered Level 1 of the Orcish Mines
  7609 | Orc:1    | Noticed an orc sorcerer
  7617 | Orc:1    | Killed an orc sorcerer
  7618 | Orc:1    | Noticed an orc sorcerer
  7627 | Orc:1    | Paralysed by an orc sorcerer for 5 turns
  7632 | Orc:1    | Killed an orc sorcerer
  7633 | Orc:1    | Reached skill level 15 in Axes
  7890 | Orc:2    | Entered Level 2 of the Orcish Mines
  7912 | Orc:2    | Reached XP level 12. HP: 94/110 MP: 11/11
  7915 | Orc:2    | Received a gift from Trog
  7960 | Orc:2    | Found Ceik's Antique Weapon Shop.
  7960 | Orc:2    | Noticed an orc high priest
  7989 | Orc:2    | Killed an orc high priest
  8085 | Orc:2    | Noticed an orc high priest
  8089 | Orc:2    | Noticed a two-headed ogre
  8093 | Orc:2    | Killed an orc high priest
  8102 | Orc:2    | Killed a two-headed ogre
  8138 | Orc:2    | Noticed an orc warlord
  8430 | Orc:2    | HP: 2/112 [orc warlord/bolt (8)]
  8738 | Orc:2    | Killed an orc warlord
  8790 | Orc:2    | Noticed an orc high priest
  8796 | Orc:2    | Noticed an orc high priest
  8798 | Orc:2    | Killed an orc high priest
  8799 | Orc:2    | Reached skill level 5 in Dodging
  8809 | Orc:1    | Killed an orc high priest
  8815 | Orc:2    | Found a staircase to the Elven Halls.
  8816 | Orc:2    | Found Adauna's General Store.
  8818 | Orc:2    | Noticed an orc high priest
  8893 | Orc:2    | Gained mutation: You are vulnerable to heat. (rF-) [a
                  | neqoxec]
  8899 | Orc:2    | Killed an orc high priest
  8974 | Orc:2    | Noticed Sonja
  8976 | Orc:2    | Noticed an orc high priest
  9004 | Orc:1    | Killed Sonja
  9257 | Orc:2    | Killed an orc high priest
  9387 | Orc:2    | Noticed an orc high priest
  9393 | Orc:2    | Killed an orc high priest
  9403 | Orc:2    | Found Koaram's Antique Armour Shoppe.
  9798 | Orc:2    | Found Irphadofi's Book Shop.
  9960 | Orc:2    | Bought a faintly glowing chain mail for 237 gold pieces
  9960 | Orc:2    | Identified the +7 chain mail of Bad Feelings {rPois Regen+
                  | MP+9} (You bought it in a shop on level 2 of the Orcish
                  | Mines)
 10038 | Elf:1    | Entered Level 1 of the Elven Halls
 10159 | Orc:1    | Noticed an ice dragon
 10166 | Orc:1    | Killed an ice dragon
 10167 | Orc:1    | Reached XP level 13. HP: 122/122 MP: 12/12
 10390 | Lair:1   | Entered Level 1 of the Lair of Beasts
 11389 | Lair:2   | Found a hole to the Spider Nest.
 11451 | Lair:2   | Found a staircase to the Swamp.
 11451 | Lair:2   | Noticed an eleionoma
 11458 | Lair:2   | Killed an eleionoma
 11728 | Lair:2   | Received a gift from Trog
 13035 | Lair:4   | Identified the amulet "Fehodosk" {Harm rPois Regen+ Str+5
                  | Dex-4}
 13057 | Lair:4   | Found a staircase to the Slime Pits.
 13135 | Lair:4   | Reached skill level 15 in Fighting
 13144 | Lair:4   | Reached XP level 14. HP: 127/135 MP: 13/13
 13852 | Lair:5   | Entered Level 5 of the Lair of Beasts
 14370 | Lair:5   | Identified the +7 flail "Doxtiank" {antimagic, rC+ Will+
                  | Int+2}
 14565 | Lair:5   | Found a corrupted altar of Lugonu.
 14565 | Lair:5   | Found a one-way gate to the infinite horrors of the Abyss.
 15222 | Spider:1 | Entered Level 1 of the Spider Nest
 15592 | Spider:1 | Noticed an emperor scorpion
 15603 | Spider:1 | Killed an emperor scorpion
 15604 | Spider:1 | Reached skill level 15 in Armour
 15658 | Spider:1 | Noticed Azrael
 15722 | Spider:1 | Killed Azrael
 15852 | Spider:1 | Noticed Asterion
 15862 | Spider:1 | Killed Asterion
 15863 | Spider:1 | Reached XP level 15. HP: 150/150 MP: 14/14
 15965 | Spider:1 | Reached skill level 1 in Evocations
 15995 | Spider:1 | Noticed an acid blob
 15997 | Spider:1 | Received a gift from Trog
 16004 | Spider:1 | Killed an acid blob
 16703 | Spider:2 | Reached skill level 10 in Shields
 16760 | Spider:2 | Received a gift from Trog
 17430 | Spider:3 | Reached XP level 16. HP: 165/165 MP: 15/15
 17535 | Spider:3 | Reached ****** piety under Trog
 17930 | Spider:4 | Entered Level 4 of the Spider Nest
 17985 | Spider:4 | Received a gift from Trog
 18273 | Spider:4 | Noticed Arachne
 18278 | Spider:4 | Noticed Agnes
 18289 | Spider:4 | Killed Agnes
 18303 | Spider:4 | Killed Arachne
 18462 | Spider:4 | Identified the +1 hat "Zariq" {rElec}
 18467 | Spider:4 | Got a gossamer rune of Zot
 19028 | Orc:2    | Received a gift from Trog
 19281 | D:10     | Entered Level 10 of the Dungeon
 20173 | D:12     | Reached XP level 17. HP: 173/173 MP: 16/16
 20714 | D:13     | Noticed Urug
 20724 | D:13     | Killed Urug
 20767 | D:13     | Found Vaostrec's Magic Scroll Boutique.
 20769 | D:13     | Received a gift from Trog
 20802 | D:13     | Found Fimaar's Vocational Training.
 20804 | D:13     | Noticed Kirke
 20812 | D:13     | Killed Kirke
 20813 | D:13     | Reached skill level 5 in Stealth
 20905 | D:13     | Noticed Rupert
 20912 | D:13     | Killed Rupert
 21109 | D:13     | Found a gate to the Vaults.
 21133 | Vaults:1 | Entered Level 1 of the Vaults
 22007 | Vaults:1 | Noticed a sphinx
 22009 | Vaults:1 | Killed a sphinx
 22012 | Vaults:1 | Received a gift from Trog
 22082 | Vaults:1 | Found Xonisel's General Store.
 22223 | Vaults:1 | Reached XP level 18. HP: 185/185 MP: 17/17
 22697 | Vaults:2 | Acquired a manual of Dodging
 22905 | Vaults:2 | Received a gift from Trog
 22946 | Vaults:2 | Reached skill level 15 in Shields
 23136 | Vaults:2 | Identified the +1 scale mail of the Catfish {Harm Int+4
                  | SInv}
 23566 | Vaults:3 | Found a staircase to the Crypt.
 23636 | Vaults:3 | Found Finkisao's Antique Weapon Boutique.
 24820 | Vaults:4 | Reached XP level 19. HP: 166/198 MP: 18/18
 24873 | Vaults:4 | Received a gift from Trog
 25251 | Vaults:4 | Identified the +9 dagger "Maedij" {drain, rN+ Dex+3 Stlth-}
 25872 | Slime:1  | Entered Level 1 of the Pits of Slime
 25893 | Slime:1  | Reached skill level 10 in Dodging
 25941 | Slime:1  | Gained mutation: You occasionally lose the ability to read
                  | scrolls when taking damage. [a shining eye]
 25944 | Slime:1  | Gained mutation: You are clumsy. (Dex -2) [a shining eye]
 26411 | Slime:2  | Gained mutation: You are weak. (Str -2) [a shining eye]
 26414 | Slime:2  | Gained mutation: You occasionally shout uncontrollably at
                  | your foes. [a shining eye]
 26416 | Slime:2  | Gained mutation: You sometimes lose your temper in combat.
                  | [a shining eye]
 26421 | Slime:2  | Gained mutation: You are very weak. (Str -4) [a shining
                  | eye]
 26521 | Slime:2  | Received a gift from Trog
 26949 | Slime:3  | Gained mutation: You sometimes lose the ability to read
                  | scrolls when taking damage. [a shining eye]
 26963 | Slime:3  | Gained mutation: You are vulnerable to cold. (rC-) [a
                  | shining eye]
 26965 | Slime:3  | Gained mutation: You are dopey. (Int -2) [a shining eye]
 26968 | Slime:3  | Gained mutation: You have hidden genetic defects. [a
                  | shining eye]
 26973 | Slime:3  | Gained mutation: You occasionally lose the ability to drink
                  | potions when taking damage. [a shining eye]
 27074 | Slime:3  | Gained mutation: You are frail. (-10% HP) [a shining eye]
 27464 | Slime:5  | Entered Level 5 of the Pits of Slime
 27553 | Slime:5  | Lost mutation: You are dopey. (Int -2) [potion of mutation]
 27553 | Slime:5  | Lost mutation: You are vulnerable to heat. (rF-) [potion of
                  | mutation]
 27553 | Slime:5  | Lost mutation: You are frail. (-10% HP) [potion of
                  | mutation]
 27553 | Slime:5  | Gained mutation: Armour fits poorly on your strangely
                  | shaped body. [potion of mutation]
 27596 | Slime:5  | Lost mutation: You sometimes lose your temper in combat.
                  | [potion of mutation]
 27596 | Slime:5  | Lost mutation: You occasionally shout uncontrollably at
                  | your foes. [potion of mutation]
 27596 | Slime:5  | Gained mutation: You have supernaturally acute eyesight.
                  | (SInv) [potion of mutation]
 27598 | Slime:5  | Lost mutation: You are clumsy. (Dex -2) [potion of
                  | mutation]
 27598 | Slime:5  | Lost mutation: You are vulnerable to cold. (rC-) [potion of
                  | mutation]
 27598 | Slime:5  | Gained mutation: You are agile. (Dex +4, Str/Int -1)
                  | [potion of mutation]
 27598 | Slime:5  | Lost mutation: You are very weak. (Str -4) [potion of
                  | mutation]
 27658 | Slime:5  | Gained mutation: You sometimes lose your temper in combat.
                  | [hidden defects]
 27869 | Slime:5  | Reached XP level 20. HP: 175/209 MP: 19/19
 27872 | Slime:5  | Noticed the Royal Jelly
 27884 | Slime:5  | Killed the Royal Jelly
 28020 | Slime:5  | Found the +4 Cigotuvi's embrace {Corpsefed rMiasma ^Drain
                  | rN+}
 28025 | Slime:5  | Found the +7 sceptre of Torment {pain, torment}
 28026 | Slime:5  | Found the ring of Shadows {Umbra +Inv Stlth+}
 28030 | Slime:5  | Identified the +8 chain mail "Xugyamom" {Regen+ Dex-2
                  | Slay+4}
 28044 | Slime:5  | Identified the +1 quarterstaff of Watchfulness {antimagic,
                  | rElec rPois Str+3 Dex+4}
 28065 | Slime:5  | Identified the +1 flail "Sinkeriff" {heavy, Int+4}
 28085 | Slime:5  | Found the +2 shield of Resistance {rF++ rC++ Will++}
 28088 | Slime:5  | Got a slimy rune of Zot
 28089 | Slime:5  | Identified the staff "Ajuyzavi" {rElec Int+4 Dex+4 Conj}
 28495 | Slime:4  | Gained mutation: Your spells are a little easier to cast,
                  | but a little less powerful. [hidden defects]
 28495 | Slime:4  | Lost mutation: You have hidden genetic defects. [hidden
                  | defects expressed]
 28805 | Lair:4   | Lost mutation: Armour fits poorly on your strangely shaped
                  | body. [potion of mutation]
 28805 | Lair:4   | Lost mutation: Your spells are a little easier to cast, but
                  | a little less powerful. [potion of mutation]
 28805 | Lair:4   | Lost mutation: You sometimes lose your temper in combat.
                  | [potion of mutation]
 28805 | Lair:4   | Gained mutation: You are vulnerable to cold. (rC-) [potion
                  | of mutation]
 28805 | Lair:4   | Gained mutation: Your flesh is heat resistant. (rF+)
                  | [potion of mutation]
 28805 | Lair:4   | Gained mutation: You passively map a small area around you.
                  | [potion of mutation]
 28944 | Swamp:1  | Entered Level 1 of the Swamp
 29770 | Swamp:2  | Noticed Louise
 29781 | Swamp:2  | Killed Louise
 30644 | Swamp:3  | Received a gift from Trog
 31155 | Swamp:4  | Entered Level 4 of the Swamp
 31308 | Swamp:4  | Identified the +10 hand axe of Upheaval {flame, rC+} (Trog
                  | gifted it to you on level 4 of the Swamp)
 31308 | Swamp:4  | Received a gift from Trog
 31342 | Swamp:4  | Got a decaying rune of Zot
 31815 | Swamp:4  | Lost mutation: You have supernaturally acute eyesight.
                  | (SInv) [potion of mutation]
 31815 | Swamp:4  | Lost mutation: You passively map a small area around you.
                  | [potion of mutation]
 31815 | Swamp:4  | Lost mutation: You sometimes lose the ability to read
                  | scrolls when taking damage. [potion of mutation]
 31816 | Swamp:4  | Lost mutation: You are agile. (Dex +4, Str/Int -1) [potion
                  | of mutation]
 31816 | Swamp:4  | Lost mutation: You are vulnerable to cold. (rC-) [potion of
                  | mutation]
 31816 | Swamp:4  | Gained mutation: Your mind is acute. (Int +4, Str/Dex -1)
                  | [potion of mutation]
 31816 | Swamp:4  | Gained mutation: Armour fits poorly on your strangely
                  | shaped body. [potion of mutation]
 31816 | Swamp:4  | Lost mutation: You are weak. (Str -2) [potion of mutation]
 31817 | Swamp:4  | Lost mutation: Your flesh is heat resistant. (rF+) [potion
                  | of mutation]
 31817 | Swamp:4  | Lost mutation: You occasionally lose the ability to drink
                  | potions when taking damage. [potion of mutation]
 31817 | Swamp:4  | Gained mutation: Your muscles are strong. (Str +4, Int/Dex
                  | -1) [potion of mutation]
 31817 | Swamp:4  | Gained mutation: You possess an exceptional clarity of
                  | mind. [potion of mutation]
 31818 | Swamp:4  | Lost mutation: Armour fits poorly on your strangely shaped
                  | body. [potion of mutation]
 31818 | Swamp:4  | Lost mutation: You occasionally lose the ability to read
                  | scrolls when taking damage. [potion of mutation]
 31818 | Swamp:4  | Gained mutation: Your muscles are very strong. (Str +8,
                  | Int/Dex -2) [potion of mutation]
 32242 | D:14     | Reached XP level 21. HP: 218/218 MP: 20/20
 32726 | D:15     | Entered Level 15 of the Dungeon
 32770 | D:15     | Found a staircase to the Depths.
 32875 | D:15     | Found an iron altar of Okawaru.
 33132 | D:15     | Found a gate leading to a gauntlet.
 33141 | Gauntlet | Entered a Gauntlet
 33141 | Gauntlet | Found a transporter.
 33150 | Gauntlet | Found a transporter.
 33151 | Gauntlet | Found a transporter.
 33154 | Gauntlet | Found a transporter.
 33155 | Gauntlet | Found a transporter.
 33156 | Gauntlet | Found a transporter.
 33165 | Gauntlet | Found a transporter.
 33168 | Gauntlet | Found a transporter.
 33241 | Gauntlet | Found a transporter.
 33253 | Gauntlet | Found a transporter.
 33257 | Gauntlet | Found a transporter.
 33268 | Gauntlet | Found a transporter.
 33354 | Gauntlet | Identified the +9 mace "Suitro Etto" {speed, MP+9 Str+2
                  | Int+3}
 33388 | Gauntlet | Identified the ring of Xealupta {*Corrode rF+ rC+ Str+2}
 33391 | Gauntlet | Identified the ring of the Final Decision {rF+ Str+3}
 33412 | Gauntlet | Identified the +11 war axe of Evolution {freeze, Str+2
                  | Int+2}
 33423 | Gauntlet | Identified the +2 plate armour "Geha" {Rampage rN+ Int-4}
 33621 | Orc:2    | Bought a scroll of enchant weapon for 120 gold pieces
 33719 | Elf:1    | Received a gift from Trog
 33782 | Orc:2    | Bought a steaming ring mail for 225 gold pieces
 33782 | Orc:2    | Identified the +2 ring mail of the Foremost Xalams {rC+}
                  | (You bought it in a shop on level 2 of the Orcish Mines)
 34078 | Depths:1 | Entered Level 1 of the Depths
 34094 | Depths:1 | Found a magical portal.
 34257 | Depths:1 | Identified the blade talisman "Afaink" {rElec rN++ MP-9
                  | Slay+3}
 34261 | Depths:1 | Found a gateway to Hell.
 34354 | Depths:1 | Noticed Mara
 34362 | Depths:1 | Killed Mara
 34414 | WizLab   | Entered Cigotuvi's Fleshworks
 34697 | Depths:1 | Found Arufus's Magic Scroll Boutique.
 34704 | Depths:1 | Bought a scroll of blinking for 172 gold pieces
 34720 | Depths:1 | Found Imynept's Fire Supplies.
 35006 | Depths:1 | Found a one-way gate leading to the halls of Pandemonium.
 35596 | Depths:2 | Received a gift from Trog
 35746 | Depths:2 | Identified the +1 troll leather armour of the Hippogriff
                  | {rN++ Will- Regen+ Dex+4}
 35862 | Depths:2 | Identified the +2 scale mail "Qimuma" {Int+4}
 36369 | Depths:3 | Noticed a golden dragon
 36378 | Depths:3 | Killed a golden dragon
 36404 | Depths:3 | Noticed the Enchantress
 36414 | Depths:3 | Killed the Enchantress
 36448 | Depths:3 | Found a white marble altar of Elyvilon.
 36582 | Depths:3 | Reached XP level 22. HP: 231/231 MP: 21/21
 37169 | Depths:4 | Entered Level 4 of the Depths
 37269 | Depths:4 | Found a one-way gateway to a ziggurat.
 37270 | Depths:4 | Noticed a juggernaut
 37276 | Depths:4 | Killed a juggernaut
 37321 | Depths:4 | Noticed a juggernaut
 37328 | Depths:4 | Killed a juggernaut
 37455 | Depths:4 | Identified the +10 war axe of Gieshruj {heavy, rPois rN+}
                  | (Trog gifted it to you on level 4 of the Depths)
 37455 | Depths:4 | Received a gift from Trog
 37533 | Depths:4 | Found a gate to the Realm of Zot.
 37539 | Zot:1    | Entered Level 1 of the Realm of Zot
 38719 | Zot:2    | Reached skill level 27 in Fighting
 38877 | Zot:2    | Noticed a golden dragon
 38897 | Zot:2    | Killed a golden dragon
 38976 | Zot:2    | Noticed a golden dragon
 38987 | Zot:2    | Killed a golden dragon
 39020 | Zot:2    | Noticed a Killer Klown
 39025 | Zot:2    | Killed a Killer Klown
 39203 | Zot:2    | Reached skill level 27 in Axes
 39621 | Zot:3    | Reached skill level 10 in Stealth
 39845 | Zot:3    | You fall into a shaft and drop 1 floor!
 39952 | Zot:4    | Received a gift from Trog
 39953 | Zot:4    | Reached XP level 23. HP: 211/240 MP: 22/22
 40894 | Zot:4    | Received a gift from Trog
 41393 | Zot:4    | Noticed a curse toe
 41402 | Zot:4    | Killed a curse toe
 41523 | Zot:4    | Noticed a curse toe
 41569 | Zot:4    | Killed a curse toe
 41773 | Zot:5    | Entered Level 5 of the Realm of Zot
 41781 | Zot:5    | Noticed a curse toe
 41786 | Zot:5    | Killed a curse toe
 42114 | Zot:5    | Received a gift from Trog
 42116 | Zot:5    | Noticed an orb of fire
 42118 | Zot:5    | Noticed an orb of fire
 42121 | Zot:5    | Noticed an orb of fire
 42122 | Zot:5    | Gained mutation: You are clumsy. (Dex -2) [an orb of fire]
 42122 | Zot:5    | Noticed a Killer Klown
 42126 | Zot:5    | Killed an orb of fire
 42126 | Zot:5    | Gained mutation: You have hidden genetic defects. [an orb
                  | of fire]
 42130 | Zot:5    | Killed an orb of fire
 42134 | Zot:5    | Killed an orb of fire
 42142 | Zot:5    | Killed a Killer Klown
 42155 | Zot:5    | Noticed an ancient lich
 42157 | Zot:5    | Noticed a Killer Klown
 42165 | Zot:5    | Noticed an ancient lich
 42169 | Zot:5    | Killed an ancient lich
 42173 | Zot:5    | Killed a Killer Klown
 42174 | Zot:5    | Reached XP level 24. HP: 164/249 MP: 22/22
 42175 | Zot:5    | Killed an ancient lich
 42184 | Zot:5    | Lost mutation: You possess an exceptional clarity of mind.
                  | [hidden defects]
 42560 | D:13     | Bought a scroll of noise for 12 gold pieces
 42560 | D:13     | Bought a scroll of noise for 12 gold pieces
 42560 | D:13     | Bought a scroll of noise for 12 gold pieces
 42964 | Zot:5    | Noticed a Killer Klown
 42975 | Zot:5    | Noticed a dread lich
 42977 | Zot:5    | Killed a Killer Klown
 42982 | Zot:5    | Killed a dread lich
 43021 | Zot:5    | Noticed an ancient lich
 43247 | Zot:5    | Noticed a dread lich
 43595 | Zot:5    | Killed an ancient lich
 43596 | Zot:5    | Reached skill level 15 in Dodging
 43850 | Zot:5    | Found the +4 dragonskin cloak
 43850 | Zot:5    | Noticed Tiamat
 43874 | Zot:5    | Killed Tiamat
 44010 | Zot:5    | Killed a dread lich
 44014 | Zot:5    | Gained mutation: Your spells are a little easier to cast,
                  | but a little less powerful. [hidden defects]
 44014 | Zot:5    | Lost mutation: You have hidden genetic defects. [hidden
                  | defects expressed]
 44019 | Zot:5    | Reached skill level 5 in Evocations
 44121 | Zot:5    | Got the Orb of Zot
 44175 | Zot:5    | Noticed Monwiyrcha the pandemonium lord
 44200 | Zot:3    | Noticed Rikhlo the pandemonium lord
 44405 | Depths:1 | Noticed Peaneqyg the pandemonium lord
 44408 | Depths:1 | Noticed Faonwe the pandemonium lord
 44436 | D:15     | Killed Peaneqyg the pandemonium lord
 44654 | D:8      | Noticed Suigrar the pandemonium lord
 44666 | D:8      | Killed Suigrar the pandemonium lord
 44841 | D:1      | Noticed Poh Xuar the pandemonium lord
 44845 | D:$      | Escaped with the Orb!

Illustrated notes

Levels and vault maps discovered:
D:1:      heliophobic_arrival_enchanted_forest, layout_basic, minmay_liquid_box
D:2:      layout_loops_cross
D:3:      layout_rooms, ebering_ghost_rock_garden, kennysheep_generic_room_8,
          uniq_sigmund, uniq_pargi
D:4:      layout_loops_ring
D:5:      layout_rooms, mainiacjoe_overflow_24_doors,
          minmay_temple_entry_proselytizer, serial_shops, shop, serial_demonic,
          serial_demonic_d, serial_demonic_c, serial_demonic_b, serial_demonic_a
D:6:      layout_loops_cross, mainiacjoe_sewer_entry_somewhere_in_here_1,
          uniq_crazy_yiuf_cottage
D:7:      layout_basic, nicolae_yredelemnul_ghost_church,
          riverfiend_overflow_shadow_ancestor
D:8:      layout_basic, kennysheep_generic_room_5, uniq_maggie, uniq_erica,
          uniq_pikel, uniq_joseph
D:9:      dpeg_index_elf_rogue_hall, layout_basic, minmay_orc_entry_guard_dogs
D:10:     layout_roguey, kennysheep_cross_room, kennysheep_decorative_pillar
D:11:     layout_roguey
D:12:     layout_small_grid, serial_ice, serial_ice_c, serial_ice_j,
          serial_ice_g, serial_ice_e
D:13:     layout_rooms, grunt_vaults_entry_tiered, serial_shops,
          nicolae_square_shop, nicolae_shop_vocational, uniq_rupert, uniq_kirke,
          uniq_urug
D:14:     layout_long_grid, minmay_misc_feat_more_columns
D:15:     hangedman_depths_entry_civil_slaughter, layout_rooms,
          okawaru_gym_becter, gauntlet_entry_generic
Lair:1:   layout_chaotic_city, pond
Lair:2:   layout_hall_layers, alex1729_swamp_entry_worm_eleionoma,
          spider_nest_entry_web_field, lemuel_fruit_fields
Lair:3:   layout_cellular_growth
Lair:4:   layout_roguey, dpeg_slime_entry_enclosed, wad_woods_river_01,
          serial_bayou_shore_b
Lair:5:   hellmonk_lair_end_abyssal_woods, layout_regular_city
Swamp:1:  layout_basic_swamp, nicolae_swamp_little_swirl,
          nicolae_swamp_reclaimed_castle, swamp_pool_1_2
Swamp:2:  layout_basic_swamp, infiniplex_staircase_pool_2, swamp_pool_1_2,
          statue_in_the_mist_lemuel, nicolae_swamp_decorative_isthmus,
          uniq_louise
Swamp:3:  nicolae_swamp_flooded_prison, layout_falls_marsh,
          evilmike_swamp_ruin_house_3, swamp_pool_4
Swamp:4:  swamp_fiery, layout_basic_swamp, nicolae_swamp_bloodsuckers_inc
Spider:1: layout_cave_pods, nicolae_spider_acid_house, uniq_azrael,
          uniq_asterion
Spider:2: layout_spider_delve, nicolae_spider_world_wide_web
Spider:3: layout_spider_delve
Spider:4: grunt_spider_rune_parallel, uniq_arachne, uniq_agnes
Slime:1:  layout_caves, nicolae_slime_phagocytosis
Slime:2:  layout_caves
Slime:3:  layout_caves
Slime:4:  layout_caves
Slime:5:  slime_pit_nicolae_royal_road_to_ruin
Orc:1:    layout_caves, portal_ice_cave_entry_animals_and_master
Orc:2:    grunt_orc_gardens, layout_diamond_mine, grunt_orc_garden,
          grunt_orc_garden, grunt_orc_garden, grunt_orc_garden,
          nicolae_volcano_entry_lava_flow, uniq_sonja
Elf:1:    minmay_elf_arrival_circle, layout_loops_ring,
          nicolae_elf_blasts_and_bolts, minivault_5, st_stairs_1,
          lemuel_upstairs_altar
Vaults:1: nicolae_vaults_border_crossing, nicolae_vaults_six-pack,
          nicolae_vaults_turnstiles, v_rooms_2, st_cross,
          nicolae_vaults_apartment_1, v_pattern_4,
          nicolae_vaults_little_squares_1, nicolae_vaults_tetromino_T_1,
          nicolae_vaults_closet_pinwheel_3, nicolae_vaults_two_Ls,
          nicolae_vaults_trapezoid_2, layout_vaults_big_cross, serial_shops,
          shop
Vaults:2: nicolae_vaults_ring_of_whatevers, nicolae_vaults_little_squares_4,
          hangedman_vaults_corner, grunt_vaults_trifunnel,
          vaults_room_door_ring, nicolae_vaults_mini_display_case,
          vaults_room_door_hall, hangedman_vaults_restitches,
          nicolae_vaults_asterisk, v_misc_5,
          nicolae_vaults_variable_pillar_hall, ontoclasm_vaults_hangar,
          layout_vaults_big_room
Vaults:3: hangedman_vaults_corner_blocks, v_misc_1, hangedman_vaults_slice,
          nicolae_vaults_theta, nicolae_vaults_closet_pinwheel_3,
          minmay_crypt_entry_simple_statues, ontoclasm_vaults_decontamination,
          vaults_mumra_chevron, layout_vaults_omnigrid, serial_shops,
          nicolae_shop_stone
Vaults:4: vaults_room_door_hall, v_misc_27, nicolae_vaults_stepped_doors,
          nicolae_vaults_offset_grid_hallway_3, hangedman_vaults_trim,
          vaults_dpeg_encased_lava, v_misc_18, nicolae_vaults_diamond_2,
          v_misc_30, nicolae_vaults_diagonal_hallway_6,
          nicolae_vaults_tetromino_Z_2, nicolae_vaults_octothorpe,
          layout_vaults_maze_snakey
Depths:1: layout_gridlike, serial_bayou, serial_bayou_pond_c,
          serial_bayou_lake_a, serial_bayou_ford_a, serial_bayou_pond_e,
          serial_shops, shop, rand_demon_pan_entry_4, nrook_pool_corridor,
          hell_entry, mu_enter_wizlab_1, dk_noncrumbling_3,
          nicolae_shop_fire_sale [nicolae_sub_dead_trees], drop_trap,
          chequers_serial_rivers_room_a, kennysheep_generic_room_13, uniq_mara
Depths:2: grunt_forest_end_chambers, layout_basic, grunt_decor_resistance,
          grunt_pan_entry_in_and_out, hell_entry, lightli_minifort,
          serial_bayou_shore_b, firewood_loft
Depths:3: hellmonk_crumbling_castle, layout_cross, pf_hell_entry_tar_spiral,
          nicolae_abyss_entry_one_way_or_another, serial_bayou_pond_c,
          elyvilon_altar_1, infiniplex_staircase_zigzag_3
Depths:4: hangedman_slaughterboxes, hell_entry, serial_shops, abyss_entry
Zot:1:    layout_concentric_octagons
Zot:2:    layout_onion, regret_index_zotdec_banners
Zot:3:    layout_gridlike
Zot:4:    regret_index_zot_pan_timeshare, layout_gridlike
Zot:5:    layout_concentric_octagons, uniq_tiamat

Skill      XL: |  1  2  3  4  5  6  7  8  9 10 11 12 13 14 15 16 17 18 19 20 21 22 23 24 |
---------------+-------------------------------------------------------------------------+-----
Fighting       | 4 5 7 8 9 11 13 15 18 20 21 22 23 24 25 26 27 | 27.0
Axes           | 4 5 6 7 8 10 12 13 15 16 19 21 22 23 24 25 26 27 | 27.0
Armour         | 3 4 5 6 9 10 11 13 15 16 17 18 19 20 | 20.8
Stealth        | 1 2 3 4 5 6 7 9 10 12 | 12.9
Shields        | 1 2 3 5 6 7 9 10 12 14 16 17 19 20 21 24 25 | 25.2
Dodging        | 3 4 5 7 8 9 10 11 12 13 14 15 | 15.6
Evocations     | 1 2 3 4 5 |  5.1
Unarmed Combat | |  0.6

Action                     |  1- 3 |  4- 6 |  7- 9 | 10-12 | 13-15 | 16-18 | 19-21 | 22-24 || total
---------------------------+-------+-------+-------+-------+-------+-------+-------+-------++-------
  Melee: Hand axe          |    88 |    79 |   199 |   266 |       |       |       |       ||   632
         Headbutt          |    16 |    14 |    34 |    88 |   111 |   193 |   254 |   155 ||   865
         Punch             |     1 |     1 |     3 |     7 |     3 |       |       |       ||    15
         Battleaxe         |       |       |       |   122 |   128 |       |       |       ||   250
         Broad axe         |       |       |       |       |   440 |   645 |   798 |   586 ||  2469
         Unarmed           |       |       |       |       |       |       |     2 |       ||     2
         War axe           |       |       |       |       |       |       |    47 |       ||    47
 Invoke: Berserk           |     1 |     1 |     4 |    14 |     5 |     6 |     6 |    14 ||    51
         Brothers in Arms  |       |       |       |     4 |     6 |     9 |    14 |     8 ||    41
         Trog's Hand       |       |       |       |       |       |       |     1 |       ||     1
  Evoke: Tin of tremorston |       |       |       |     2 |     1 |       |       |       ||     3
         Wand              |       |       |       |       |     2 |    13 |    11 |     8 ||    34
         Sack of spiders   |       |       |       |       |     2 |     1 |     1 |     1 ||     5
         Phial of floods   |       |       |       |       |       |     1 |       |     1 ||     2
         Phantom mirror    |       |       |       |       |       |       |     1 |       ||     1
    Use: Scroll            |     5 |     4 |    10 |     1 |     7 |     6 |     4 |     8 ||    45
         Potion            |     4 |       |       |       |     5 |     1 |     9 |     7 ||    26
   Stab: Distracted        |       |       |       |       |     4 |    14 |    20 |    16 ||    54
         Confused          |       |       |       |       |       |       |     1 |       ||     1
         Sleeping          |       |       |       |       |       |       |    11 |    10 ||    21
 Armour: Animal skin       |     7 |       |       |       |       |       |       |       ||     7
         Scale mail        |    33 |       |       |       |       |       |       |       ||    33
         Plate armour      |    16 |     8 |       |       |       |       |       |       ||    24
         Chain mail        |       |    32 |   136 |   319 |   369 |   266 |   328 |   350 ||  1800
         Skin              |       |       |       |       |       |       |     1 |       ||     1
  Dodge: Dodged            |    28 |    15 |    83 |   151 |   327 |   254 |   204 |   126 ||  1188
  Block: Other             |       |     8 |    34 |    63 |    54 |       |       |       ||   159
         Reflection        |       |       |     3 |     5 |       |    54 |    48 |    13 ||   123
         Buckler           |       |       |       |       |   118 |    68 |       |       ||   186
         Kite shield       |       |       |       |       |       |   163 |   438 |   373 ||   974
         Tower shield      |       |       |       |       |       |   206 |   169 |       ||   375
